 Dungeon Crawl Stone Soup version 0.30-a0-365-ge7f957f1db (webtiles) character file.

Game seed: 18445699676704518539

614 funkygono the Firebug (level 7, -3/46 HPs)
             Began as a Demonspawn Fire Elementalist on Nov 16, 2022.
             Was a Follower of Vehumet.
             Slain by a gnoll
             ... wielding a +0 flail
             ... led by a gnoll bouda
              (5 damage)
             ... on level 5 of the Dungeon.
             The game lasted 00:09:01 (4854 turns).

funkygono the Firebug (DsFE)                        Turns: 4854, Time: 00:09:02

Health: -3/46      AC: 11    Str:  9    XL:     7   Next: 20%
Magic:  5/13       EV: 12    Int: 18    God:    Vehumet [*.....]
Gold:   303        SH:  0    Dex: 13    Spells: 5/15 levels left

rFire   . . .      SeeInvis .    e - +0 quarterstaff
rCold   . . .      Faith    .    (shield currently unavailable)
rNeg    . . .      Spirit   .    p - +2 leather armour {rPois}
rPois   +          Reflect  .    (no helmet)
rElec   .          Harm     .    (no cloak)
rCorr   .          Rampage  .    r - +2 pair of gloves
Will    .....                    q - +2 pair of boots
Stlth   ++........               (no amulet)
HPRegen 0.27/turn                (no ring)
MPRegen 0.13/turn                (no ring)

@: no status effects
A: powered by death 1, sturdy frame 1, weakness stinger 2
a: Renounce Religion


You were on level 5 of the Dungeon.
You worshipped Vehumet.
Vehumet was aware of your devotion.
You visited 2 branches of the dungeon, and saw 6 of its levels.

You collected 303 gold pieces.

Inventory:

Hand Weapons
 c - a +0 dagger
 e - a +0 quarterstaff (weapon)
 l - a +0 flail of protection
Missiles
 t - 3 throwing nets
Armour
 a - a +0 robe
 d - a +0 scale mail of willpower
 j - a +0 leather armour
 p - a +2 leather armour of poison resistance (worn)
 q - a +2 pair of boots (worn)
 r - a +2 pair of gloves (worn)
Magical Staves
 f - a staff of air
Jewellery
 i - a ring of ice
Wands
 g - a wand of flame (19)
Potions
 h - 2 potions of attraction
 o - 3 potions of might


   Skills:
 + Level 0.1 Fighting
 + Level 0.7 Armour
 + Level 2.0 Dodging
 + Level 3.0 Stealth
 + Level 4.6 Spellcasting
 + Level 2.4 Conjurations
 + Level 5.2 Fire Magic


You had 5 spell levels left.
You knew the following spells:

 Your Spells              Type           Power      Damage    Failure   Level
a - Foxfire               Conj/Fire      68%        2x1d7     3%          1
b - Scorch                Fire           44%        2d7       2%          2
c - Kindle Blastsparks    Fire/Tloc/Air  20%        2d11      22%         3
d - Flame Wave            Conj/Fire      17%        2d7       30%         4

Your spell library contained the following spells:

 Spells                   Type           Power      Damage    Failure   Level
 Freeze                   Ice            16%        1d4       16%         1
 Necrotise                Necr           16%        1d4       16%         1
 Inner Flame              Hex/Fire       13%        N/A       16%         3
 Call Canine Familiar     Summ           4%         N/A       41%         3
 Frozen Ramparts          Ice            8%         1d2       41%         3
 Portal Projectile        Hex/Tloc       8%         N/A       41%         3
 Vampiric Draining        Necr           4%         2d6       41%         3
 Animate Armour           Summ/Erth      8%         N/A       83%         4
 Ice Form                 Ice/Tmut       4%         N/A       83%         4
 Leda's Liquefaction      Hex/Erth       2%         N/A       83%         4
 Summon Ice Beast         Ice/Summ       4%         N/A       83%         4
 Agony                    Necr           4%         N/A       99%         5
 Blade Hands              Tmut           2%         N/A       99%         5
 Iron Shot                Conj/Erth      4%         9d2       100%        6


Dungeon Overview and Level Annotations

Branches:
Dungeon (5/15)             Temple (1/1) D:4

Altars:
Ashenzari
Dithmenos
Fedhas
Gozag
Hepliaklqana
Kikubaaqudgha
Makhleb
Okawaru
Qazlal
Trog
Vehumet
Wu Jian
Xom

Shops:
D:1 (*


Innate Abilities, Weirdness & Mutations

You regenerate a little health from kills.
Your movements are slightly less encumbered by armour. (ER -2)
You have a tail ending in a sharp stinger.


Message History

You conjure some foxfire!
The foxfire hits the gnoll.
The gnoll is heavily wounded.
The foxfire hits the gnoll.
The gnoll is severely wounded.
The gnoll hits you but does no damage. The gnoll hits you with a +0 flail.
* * * LOW HITPOINT WARNING * * *
You feel very mighty all of a sudden.
The foxfire hits the gnoll.
The gnoll is almost dead.
The foxfire hits the gnoll bouda.
The gnoll bouda is lightly wounded.
The gnoll hits you but does no damage. x2
It was a potion of cancellation.
Your magical effects are unravelling.
You feel magically purged.
You feel a little less mighty now.
Your attacks no longer feel as feeble.
The gnoll bouda completely misses you. The gnoll hits you but does no damage.
The gnoll barely misses you.
Unknown command.
You struggle against the net.
The gnoll bouda hits you with a +0 club.
* * * LOW HITPOINT WARNING * * *
The gnoll hits you but does no damage. x2
You tear a large gash into the net.
The gnoll bouda calls upon its god to heal the gnoll.
The gnoll's wounds heal themselves!
The gnoll hits you but does no damage. The gnoll barely misses you.
You shred the net and break free!
The gnoll bouda hits you but does no damage.
The gnoll hits you with a +0 club.
* * * LOW HITPOINT WARNING * * *
The gnoll closely misses you.
Unknown command.
You barely miss the gnoll bouda.
The gnoll bouda is lightly wounded.
The necrophage is no longer more vulnerable to fire.
The gnoll bouda hits you with a +0 club.
* * * LOW HITPOINT WARNING * * *
The gnoll barely misses you. The gnoll hits you with a +0 flail.
You die...

.# # #.#
.###.. #.#.#
## ##...#...
########.....#
#.......gg...#
#ng@...#
#g#...##
#.##### #g#
#n# #g# #.#
#.# #.#


You could see a necrophage, a gnoll bouda and 3 gnolls.

Vanquished Creatures
  An ogre (D:5)
  A scorpion (D:4)
  2 hounds
  A jelly (D:5)
  A gnoll bouda (D:4)
  An orc priest (D:4)
  An orc wizard (D:4)
  Natasha (thrice) (D:3)
  8 gnolls
  4 adders
  2 ufetubi (D:4)
  A dart slug (D:1)
  13 orcs (D:4)
  3 ball pythons
  10 endoplasms
  A giant cockroach (D:3)
  9 goblins
  6 hobgoblins
  2 jackals (D:1)
  5 quokkas
  6 bats
  2 frilled lizards (D:1)
  3 kobolds
  7 rats
93 creatures vanquished.

Vanquished Creatures (collateral kills)
  21 foxfires (D:4)
21 creatures vanquished.

Vanquished Creatures (others)
  298 foxfires
  14 plants (D:4)
  8 withered plants (D:4)
320 creatures vanquished.

Grand Total: 434 creatures vanquished

Notes
Turn   | Place    | Note
-------+----------+-------------------------------------------
     0 | D:1      | funkygono the Demonspawn Fire Elementalist began the quest
                  | for the Orb.
     0 | D:1      | Reached XP level 1. HP: 13/13 MP: 3/3
   200 | D:1      | Reached skill level 3 in Fire Magic
   200 | D:1      | Gained mutation: Your movements are slightly less
                  | encumbered by armour. (ER -2) [demonic ancestry]
   200 | D:1      | Reached XP level 2. HP: 19/19 MP: 1/5
   607 | D:1      | Found Ifoxt's Antique Weapon Emporium.
   827 | D:1      | Reached XP level 3. HP: 24/24 MP: 3/6
   830 | D:1      | Learned a level 2 spell: Scorch
   834 | D:1      | Learned a level 3 spell: Kindle Blastsparks
   990 | D:1      | Found Adaq's General Store.
  2053 | D:3      | Gained mutation: You have a small tail. [demonic ancestry]
  2053 | D:3      | Reached XP level 4. HP: 30/30 MP: 0/8
  2177 | D:3      | Noticed Natasha
  2182 | D:3      | Killed Natasha
  2199 | D:3      | Noticed Natasha
  2207 | D:3      | Killed Natasha
  2208 | D:3      | Reached skill level 4 in Fire Magic
  2572 | D:3      | Noticed Natasha
  2616 | D:3      | Found a broken altar of Ashenzari.
  2854 | D:3      | Killed Natasha
  2855 | D:3      | Gained mutation: You regenerate a little health from kills.
                  | [demonic ancestry]
  2855 | D:3      | Reached XP level 5. HP: 35/35 MP: 3/9
  2931 | D:3      | Learned a level 4 spell: Flame Wave
  3077 | D:4      | Found a staircase to the Ecumenical Temple.
  3086 | Temple   | Entered the Ecumenical Temple
  3093 | Temple   | Became a worshipper of Vehumet
  3432 | D:4      | Reached XP level 6. HP: 41/41 MP: 4/11
  3943 | D:4      | Found an ancient bone altar of Kikubaaqudgha.
  4028 | D:4      | Reached * piety under Vehumet
  4028 | D:4      | Offered knowledge of Freeze by Vehumet.
  4029 | D:4      | Reached skill level 5 in Fire Magic
  4775 | D:5      | Entered Level 5 of the Dungeon
  4828 | D:5      | Gained mutation: You have a tail ending in a sharp stinger.
                  | [demonic ancestry]
  4828 | D:5      | Reached XP level 7. HP: 46/46 MP: 13/13
  4854 | D:5      | HP: 2/46 [gnoll bouda/+0 club (3)]
  4854 | D:5      | Slain by a gnoll

Illustrated notes

Levels and vault maps discovered:
D:1:      evilmike_arrival_crescent, layout_basic, serial_shops,
          nicolae_shop_hallway_plus, nicolae_shop_behind_doors
D:2:      layout_basic
D:3:      layout_loops_ring, mainiacjoe_overflow_brackets, uniq_natasha
D:4:      layout_basic, kiku_gazebo_garden_becter, minmay_temple_entry_wispy,
          serial_bayou, serial_bayou_pond_c, serial_bayou_lagoon_b,
          serial_bayou_pond_c
D:5:      layout_loops_cross, zin_treasury
Temple:   nicolae_temple_ecumenical_triangle

Skill      XL: |  1  2  3  4  5  6  7 |
---------------+----------------------+-----
Fire Magic     | 3 4 5 |  5.2
Stealth        | 2 3 |  3.0
Dodging        | 2 |  2.0
Spellcasting   | 3 4 |  4.6
Conjurations   | 2 |  2.4
Fighting       | |  0.1
Armour         | |  0.7

Action                   |  1- 3 |  4- 6 |  7- 9 || total
-------------------------+-------+-------+-------++-------
Melee: Quarterstaff      |     5 |     3 |     1 ||     9
 Cast: Foxfire           |    65 |   108 |     8 ||   181
       Scorch            |     2 |    18 |     7 ||    27
  Use: Scroll            |       |    10 |       ||    10
       Potion            |       |     1 |     6 ||     7
Armor: Robe              |     3 |       |       ||     3
       Leather armour    |     2 |     2 |    27 ||    31
       Scale mail        |       |     6 |       ||     6
Dodge: Dodged            |     9 |    13 |    19 ||    41

Table legend: (Time is in decaauts)
 A = Elapsed time spent in this place.
 B = Non-inter-level travel time spent in this place.
 C = Inter-level travel time spent in this place.
 D = Time resting spent in this place.
 E = Time spent auto-exploring this place.
 F = Levels seen in this place.
 G = Mean time per level.
                   A        B        C        D        E       F      G
               +--------+--------+--------+--------+--------+-----+--------+
         Total |   4884 |   4781 |    103 |      0 |   4075 |   6 |  814.0 |
       Dungeon |   4837 |   4743 |     94 |      0 |   4045 |   5 |  967.4 |
        Temple |     46 |     38 |      8 |      0 |     30 |   1 |   46.0 |
               +--------+--------+--------+--------+--------+-----+--------+

Top non-repeatable levels by time:
     D:4: 1824 daAuts
     D:1: 1224 daAuts
     D:3: 1034 daAuts
     D:2: 676 daAuts
     D:5: 78 daAuts
  Temple: 46 daAuts
